 Dungeon Crawl Stone Soup version 0.29-a0-553-g81b289dbe5 (webtiles) character file.

Game seed: 7307672766658806105

72672 MechDurjaeses the Executioner (level 15, 89/136 HPs)
             Began as a Hill Orc Fighter on June 5, 2022.
             Was the Champion of Beogh.
             Quit the game on level 6 of the Lair of Beasts on June 6, 2022.
             The game lasted 01:38:41 (22950 turns).

MechDurjaeses the Executioner (Hill Orc Fighter)   Turns: 22950, Time: 01:38:42

Health: 89/136     AC: 21    Str: 35    XL:     15   Next: 40%
Magic:  17/17      EV: 13    Int: 18    God:    Beogh [******]
Gold:   1269       SH:  9    Dex: 16    Spells: 12/17 levels left

rFire   . . .      SeeInvis +   a - +0 war axe (vamp)
rCold   + . .      Faith    .   c - +2 buckler
rNeg    . . .      Spirit   .   S - +3 swamp dragon scales
rPois   +          Reflect  .   s - +0 helmet
rElec   .          Harm     .   z - +0 cloak
rCorr   +          Rampage  .   x - +0 pair of gloves
Will    +....                   U - +2 pair of boots
Stlth   ++........              Q - amulet "Fuyla" {RegenMP rC+ Int+6}
HPRegen 0.32/turn               d - ring of Wosuent {rF- rCorr Str+8 SInv}
MPRegen 0.55/turn               L - +6 ring of dexterity

@: studying 2 skills
A: walk on water, claws 1, clever 2, fire resistance 1
a: Renounce Religion, Smiting, Recall Orcish Followers, Give Item to Named
Follower, Resurrection


You were on level 6 of the Lair of Beasts.
You worshipped Beogh.
Beogh was exalted by your worship.
You visited 4 branches of the dungeon, and saw 21 of its levels.
You also visited: Ossuary and Ice Cave.

You collected 2599 gold pieces.
You spent 1330 gold pieces at shops.

Inventory:

Hand Weapons
 a - a +0 vampiric war axe (weapon)
 q - a +4 hunting sling of freezing
 D - the +5 dagger "Buyket" {vorpal, rF+}
   (You found it on level 8 of the Dungeon)

   It inflicts extra damage upon your enemies.
   rF:        It protects you from fire.
Armour
 c - a +2 buckler (worn)
 s - a +0 helmet (worn)
 x - a +0 pair of gloves (worn)
 y - the -1 helmet "Soles" {Rampage rPois rC- Regen+}
   (You found it on level 4 of the Dungeon)

   rC:        It makes you vulnerable to cold.
   rPois:     It protects you from poison.
   Regen:     It increases your rate of health regeneration.
   Rampage:   It bestows one free step when moving towards enemies.
 z - a +0 cloak (worn)
 N - a +1 leather armour of positive energy
 S - +3 swamp dragon scales (worn)
 U - a +2 pair of boots (worn)
Jewellery
 b - an amulet of the acrobat
 d - the ring of Wosuent (left hand) {rF- rCorr Str+8 SInv}
   (You bought it in a shop on level 2 of the Orcish Mines)

   [ring of see invisible]

   Str:       It affects your strength (+8).
   rF:        It makes you vulnerable to fire.
   SInv:      It lets you see invisible.
   rCorr:     It protects you from acid and corrosion.
 n - an amulet of reflection
 t - a ring of wizardry
 F - a +6 ring of intelligence
 L - a +6 ring of dexterity (right hand)
 Q - the amulet "Fuyla" (around neck) {RegenMP rC+ Int+6}
   (You bought it in a shop on level 9 of the Dungeon)

   [amulet of magic regeneration]

   It increases your rate of magic regeneration.
   Int:       It affects your intelligence (+6).
   rC:        It protects you from cold.
 W - a +6 ring of intelligence
 X - a ring of magical power
Wands
 w - a wand of flame (23) (quivered)
 A - a wand of digging (8)
 M - a wand of charming (15)
 P - a wand of polymorph (22)
 R - a wand of acid (2)
 T - a wand of iceblast (18)
 V - a wand of paralysis (16)
 Z - a wand of mindburst (20)
Scrolls
 i - 7 scrolls of fog
 k - a scroll of fear
 o - 4 scrolls of amnesia
 r - 7 scrolls of teleportation
 C - 4 scrolls of identify
 E - 3 scrolls of magic mapping
 H - 4 scrolls of poison
 I - 2 scrolls of silence
 K - a scroll of blinking
Potions
 e - 5 potions of ambrosia
 f - 4 potions of flight
 h - 8 potions of magic
 j - a potion of cancellation
 l - 2 potions of haste
 p - 5 potions of lignification
 u - 3 potions of invisibility
 v - 3 potions of mutation
 B - 7 potions of curing
 G - 3 potions of heal wounds
 J - 2 potions of might
 O - 3 potions of brilliance
Miscellaneous
 m - a condenser vane


   Skills:
 + Level 13.5 Fighting
 * Level 22.2 Axes
 - Level 1.6(12.6) Polearms
 * Level 11.5 Armour
 + Level 5.2 Dodging
 - Level 3.2 Stealth
 * Level 12.0 Shields
 + Level 1.7 Spellcasting
 + Level 2.7 Fire Magic
 * Level 7.3 Ice Magic
 + Level 2.1 Invocations
 + Level 3.5 Evocations


You had 12 spell levels left.
You knew the following spells:

 Your Spells              Type           Power      Damage    Failure   Level
a - Slow                  Hex            4%         N/A       28%         1
b - Ensorcelled Hibernat  Hex/Ice        28%        N/A       10%         2
c - Scorch                Fire           22%        2d6       14%         2

Your spell library contained the following spells:

 Spells                   Type           Power      Damage    Failure   Level
 Foxfire                  Conj/Fire      24%        2x1d5     16%         1
 Apportation              Tloc           2%         N/A       28%         1
 Summon Small Mammal      Summ           4%         N/A       28%         1
 Static Discharge         Conj/Air       1%         N/A       38%         2
 Conjure Flame            Conj/Fire      6%         6-21      43%         3
 Inner Flame              Hex/Fire       6%         N/A       43%         3
 Ignite Poison            Fire/Tmut/Pois 4%         N/A       50%         3
 Call Canine Familiar     Summ           1%         N/A       63%         3
 Dazzling Flash           Conj/Hex       2%         N/A       63%         3
 Gell's Gravitas          Tloc           1%         N/A       63%         3
 Mephitic Cloud           Conj/Pois/Air  1%         N/A       63%         3
 Spider Form              Tmut/Pois      1%         N/A       63%         3
 Summon Guardian Golem    Hex/Summ       1%         N/A       63%         3
 Teleport Other           Tloc           1%         N/A       63%         3
 Flame Wave               Conj/Fire      6%         2d5       85%         4
 Sticky Flame             Conj/Fire      6%         2d3       85%         4
 Anguish                  Hex/Necr       0%         N/A       95%         4
 Cause Fear               Hex            0%         N/A       95%         4
 Dispel Undead            Necr           1%         3d6       95%         4
 Summon Lightning Spire   Summ/Air       1%         N/A       95%         4
 Freezing Cloud           Conj/Ice/Air   5%         6-21      96%         5
 Agony                    Necr           1%         N/A       100%        5
 Alistair's Intoxication  Tmut/Pois      0%         N/A       100%        5
 Blade Hands              Tmut           0%         N/A       100%        5
 Irradiate                Conj/Tmut      0%         3d13      100%        5
 Silence                  Hex/Air        0%         N/A       100%        5
 Summon Forest            Summ/Tloc      0%         N/A       100%        5
 Summon Mana Viper        Hex/Summ       1%         N/A       100%        5
 Yara's Violent Unravell  Hex/Tmut       0%         3d3       100%        5
 Dispersal                Tloc           0%         N/A       100%        6
 Summon Cactus Giant      Summ           0%         N/A       100%        6
 Dragon Form              Tmut           0%         N/A       100%        7
 Storm Form               Tmut/Air       0%         N/A       100%        7
 Maxwell's Capacitive Co  Air            0%         ∞         100%        8


Dungeon Overview and Level Annotations

Branches:
Dungeon (12/15)            Temple (1/1) D:4            Lair (6/6) D:10
 Shoals (0/4) Lair:4       Spider (0/4) Lair:2        Slime (0/5) Lair:6
    Orc (2/2) D:12            Elf (0/3) Orc:2       Ossuary (visited)
  IceCv (visited)

Altars:
Ashenzari
Cheibriados
Dithmenos
Elyvilon
Fedhas
Gozag
Hepliaklqana
Kikubaaqudgha
Makhleb
Nemelex Xobeh
Okawaru
Qazlal
Ru
Sif Muna
Trog
Uskayaw
Vehumet
Wu Jian
Xom
Yredelemnul
Zin
The Shining One
Beogh
Jiyva

Shops:
D:9 =   Orc:1 ?   Orc:2 (=[*

Portals:
Abyss: D:8


Innate Abilities, Weirdness & Mutations

You can walk on water.
You have sharp fingernails.
Your mind is very acute. (Int +4)
Your flesh is heat resistant. (rF+)


Message History

Dorog no longer looks unusually strong.
Your orc knight no longer looks unusually strong.
You now have 1248 gold pieces (gained 24).
You see here a +2 robe of willpower.
C - 4 scrolls of identify (gained 1)
Your rust devil disappears in a puff of smoke!
Your orc high priest no longer looks unusually strong.
X - a ring of magical power Your orc knight no longer looks unusually strong.
Warbeogh no longer looks unusually strong.
You swap places.
Your orc knight no longer looks unusually strong.
You pick up a book of Flames and begin reading...
You add the spells Foxfire, Conjure Flame and Inner Flame to your library.
Alork no longer looks unusually strong.
Okay, then.
You swap places.
You see here a +2 robe of willpower.
You swap places.
You swap places.
Your red devil disappears in a puff of smoke!
You now have 1269 gold pieces (gained 21).
You swap places.
Select a follower to give a gift to.
Press: ? - help, Dir - move target, f - Morun
Aim: Morun the orc knight, wielding a +0 dire flail and wearing a +0 chain mail (friendly)
The floor.
Morun unwields a +0 dire flail.
Morun drops a +0 dire flail.
Morun wields the +7 trident "Mebu Wag" {vorpal, rF+ rN+}.
Your orange demon disappears in a puff of smoke!
Your orange demon disappears in a puff of smoke!
Your rust devil disappears in a puff of smoke!
Key pressed, stopping explore.
Unknown command.
Saving game... please wait.
Welcome back, MechDurjaeses the Hill Orc Fighter.
Beogh says: Drown the unbelievers in a sea of blood!
Press ? for a list of commands and other information.
Are you sure you want to abandon this character and quit the game? (Confirm with "yes".)

#.
#....#..8.##.oo.##......
#
#....##†...#.....#......
#..####..8.#.....#......
#÷...#.....#.....##.....
#.÷..#.8.÷.##..†.##P.o..
##.8..8÷.8.(#...##..o...
#.....o..(##oo.#...o...
##..ooooo(##.o##...o...
#.8.8@oo####o#........
##..ooo## ##o#........
###.o## #oo##.......
#### ##oo.##...... .#
###oP...#......
...####..o....##.....
#.P............##....
#....P.........##...
#######...............#


You could see 5 friendly orc knights, the friendly Alork the orc knight, the
friendly Morun the orc knight, a friendly orc high priest, the friendly Warbeogh
the orc high priest, the friendly Dorog the orc sorcerer, a friendly orc warrior
and a friendly orc priest.

Vanquished Creatures
  3 boulder beetles
  5 hydras
  A rakshasa (D:8)
  A catoblepas (Lair:6)
  An ogre mage (Orc:2)
  The ghost of marklar909 the Cleaver, a novice MyFi of Gozag (D:9)
  An anaconda (Lair:4)
  A deep troll shaman (Lair:6)
  15 two-headed ogres
  9 death yaks
  The ghost of kyalle the Fighter, a novice MiFi of the Shining One (D:8)
  2 orc knights
  Pikel (D:5)
  A deep elf pyromancer (D:12)
  2 manticores
  3 oklob plants (Lair:3)
  2 ice statues (IceCv)
  An orc sorcerer (Orc:1)
  5 black mambas
  3 elephants (Lair:5)
  Joseph (D:7)
  A torpor snail (Lair:4)
  5 cane toads
  Maggie (D:6)
  5 komodo dragons
  An unseen horror (D:8)
  A freezing wraith (IceCv)
  3 rime drakes (Lair:5)
  3 trolls
  3 hornets
  Grinder (D:6)
  A wind drake (shapeshifter) (D:11)
  3 blink frogs (Lair:6)
  A tyrant leech (Lair:1)
  A slime creature (D:12)
  A dream sheep (Lair:6)
  Sigmund (D:6)
  A shadow (D:10)
  2 wraiths (D:11)
  31 yaks
  A wyvern (Lair:3)
  2 neqoxecs (D:9)
  Eustachio (D:6)
  A basilisk (Lair:3)
  A steam dragon (D:7)
  A death yak simulacrum (IceCv)
  3 swamp worms (Lair:1)
  An acid dragon (D:9)
  10 water moccasins
  3 orc warriors
  An ice beast (D:4)
  2 sky beasts (D:7)
  3 small abominations (D:8)
  25 ogres
  2 wolves (Lair:6)
  2 centaurs
  A lemure (D:5)
  2 phantoms (D:5)
  2 kobold brigands
  10 bullfrogs
  Blork the orc (D:5)
  A necrophage (D:8)
  A cane toad simulacrum (IceCv)
  A gnoll sergeant (D:8)
  3 scorpions (D:5)
  8 wights (D:9)
  An elephant simulacrum (IceCv)
  A howler monkey (D:8)
  An electric eel (Lair:2)
  2 centaur zombies (Ossuary)
  2 quasits (D:9)
  A human zombie (Ossuary)
  A jelly (D:8)
  6 orc priests
  A gnoll shaman (D:11)
  7 hounds
  Terence (D:2)
  2 iguanas
  10 orc wizards
  3 hell rats (Lair:4)
  2 polar bear simulacra (IceCv)
  4 mummies (Ossuary)
  Robin (D:2)
  8 adders
  3 shadow imps (D:7)
  2 ufetubi (D:4)
  2 worms
  2 dart slugs
  24 orcs
  3 ball pythons
  5 bats (D:1)
  11 endoplasms
  A giant cockroach (D:4)
  22 goblins
  7 hobgoblins
  17 kobolds
  3 quokkas
  5 frilled lizards
  2 gnoll zombies (Ossuary)
  2 goblin zombies
  A hobgoblin zombie (Ossuary)
  An orc zombie (Ossuary)
  A quokka zombie (D:8)
  7 rats
390 creatures vanquished.

Vanquished Creatures (collateral kills)
  A boulder beetle (D:12)
  2 hydras (Lair:6)
  3 ogre magi (Orc:2)
  2 catoblepae
  4 two-headed ogres (Orc:2)
  Erica (Lair:2)
  13 death yaks
  3 orc knights
  2 oklob plants
  An ugly thing (IceCv)
  A manticore (Lair:4)
  10 elephants
  7 black mambas
  A torpor snail (Lair:6)
  6 cane toads
  4 rime drakes (Lair:5)
  3 komodo dragons
  A troll (Orc:2)
  A polar bear (Lair:5)
  A wind drake (Lair:4)
  7 blink frogs
  3 slime creatures (D:12)
  9 dream sheep
  11 yaks
  3 basilisks
  A wyvern (Lair:5)
  3 wargs (Orc:2)
  14 water moccasins
  8 orc warriors
  A centaur (D:9)
  9 ogres (Orc:2)
  3 wolves (Lair:6)
  6 bullfrogs
  2 orc priests (Orc:2)
  2 hell rats (Lair:4)
  10 orcs
  2 bushes (Lair:5)
  2 plants
163 creatures vanquished.

Vanquished Creatures (others)
  An orc high priest (Orc:2)
  An orc knight (Lair:4)
  6 orc warriors
  4 orc priests
  7 orc wizards
  35 orcs
  A hobgoblin (D:4)
  A kobold (D:3)
  51 fungi
  111 plants
218 creatures vanquished.

Grand Total: 771 creatures vanquished

Notes
Turn   | Place    | Note
-------+----------+-------------------------------------------
     0 | D:1      | MechDurjaeses the Hill Orc Fighter began the quest for the
                  | Orb.
     0 | D:1      | Reached XP level 1. HP: 19/19 MP: 1/1
   138 | D:1      | Reached skill level 3 in Axes
   138 | D:1      | Reached XP level 2. HP: 17/27 MP: 2/2
   577 | D:1      | Reached XP level 3. HP: 22/33 MP: 3/3
   824 | D:1      | Reached skill level 4 in Axes
  1313 | D:2      | Noticed Robin
  1322 | D:2      | Killed Robin
  1323 | D:2      | Reached XP level 4. HP: 24/41 MP: 4/4
  1457 | D:2      | Found a faded altar of an unknown god.
  1637 | D:2      | Found a blossoming altar of Fedhas.
  1654 | D:2      | Noticed Terence
  1664 | D:2      | Killed Terence
  2057 | D:3      | Reached XP level 5. HP: 47/47 MP: 5/5
  2076 | D:3      | Reached skill level 5 in Axes
  2754 | D:3      | Found a shimmering blue altar of Sif Muna.
  2833 | D:4      | Found a staircase to the Ecumenical Temple.
  2854 | Temple   | Entered the Ecumenical Temple
  3110 | D:4      | Found a stormy altar of Qazlal.
  3181 | D:4      | Identified the -1 helmet "Soles" {Rampage rPois rC- Regen+}
  3189 | D:4      | Became a worshipper of Beogh the Brigand
  3191 | D:4      | Reached skill level 6 in Axes
  3371 | D:4      | Found a white marble altar of Elyvilon.
  3508 | D:4      | Noticed an ice beast
  3514 | D:4      | Killed an ice beast
  3515 | D:4      | Reached skill level 5 in Fighting
  3515 | D:4      | Reached XP level 6. HP: 56/56 MP: 6/6
  3515 | D:4      | Found a glowing silver altar of Zin.
  3590 | D:4      | Reached skill level 7 in Axes
  3650 | D:4      | Reached XP level 7. HP: 61/61 MP: 7/7
  4111 | D:5      | Entered Level 5 of the Dungeon
  4206 | D:5      | Found a sparkling altar of Nemelex Xobeh.
  4264 | D:5      | Reached skill level 8 in Axes
  4479 | D:5      | Noticed Blork the orc
  4488 | D:5      | Killed Blork the orc
  4489 | D:5      | Reached skill level 9 in Axes
  4523 | D:5      | Noticed Pikel
  4540 | D:5      | Killed Pikel
  4541 | D:5      | Reached skill level 10 in Axes
  4541 | D:5      | Reached skill level 5 in Armour
  4541 | D:5      | Reached XP level 8. HP: 55/70 MP: 8/8
  4634 | D:5      | Found the +18 Lear's hauberk
  4651 | D:5      | Reached * piety under Beogh
  4700 | D:5      | Reached skill level 11 in Axes
  5157 | D:6      | Noticed Sigmund
  5168 | D:6      | Killed Sigmund
  5169 | D:6      | Reached skill level 5 in Shields
  5169 | D:6      | Reached XP level 9. HP: 69/75 MP: 9/9
  5297 | D:6      | Noticed Grinder
  5304 | D:6      | Paralysed by Grinder for 3 turns
  5311 | D:6      | Paralysed by Grinder for 3 turns
  5320 | D:6      | Paralysed by something for 5 turns
  5327 | D:6      | Paralysed by something for 4 turns
  5364 | D:6      | Killed Grinder
  5365 | D:6      | Reached skill level 12 in Axes
  5440 | D:6      | Noticed Eustachio
  5446 | D:6      | Killed Eustachio
  5472 | D:6      | Noticed Maggie
  5480 | D:6      | Killed Maggie
  5481 | D:6      | Reached skill level 1 in Evocations
  5658 | D:6      | Reached skill level 13 in Axes
  6039 | D:7      | Noticed Joseph
  6059 | D:7      | Reached ** piety under Beogh
  6063 | D:7      | Killed Joseph
  6133 | D:7      | Noticed a hornet
  6141 | D:7      | Killed a hornet
  6142 | D:7      | Reached skill level 14 in Axes
  6198 | D:7      | Reached XP level 10. HP: 79/84 MP: 10/10
  6284 | D:7      | Found a radiant altar of Vehumet.
  6284 | D:7      | Found an ornate altar of the Wu Jian Council.
  6298 | D:7      | Found a bloodstained altar of Trog.
  6298 | D:7      | Found an ancient bone altar of Kikubaaqudgha.
  6372 | D:7      | Found a hide-covered altar of Uskayaw.
  6384 | D:7      | Reached skill level 1 in Dodging
  6610 | D:8      | Found a sand-covered staircase.
  6620 | Ossuary  | Entered an ossuary
  6900 | D:8      | Noticed a rakshasa
  6909 | D:8      | Found a one-way gate to the infinite horrors of the Abyss.
  6909 | D:8      | Noticed kyalle's ghost (novice MiFi)
  6910 | D:8      | Found a transporter.
  6944 | D:8      | Reached skill level 15 in Axes
  7171 | D:8      | Reached *** piety under Beogh
  7258 | D:8      | Noticed a boulder beetle
  7258 | D:8      | Noticed a boulder beetle
  7258 | D:8      | Noticed a deep elf pyromancer
  7259 | D:8      | Noticed a centaur warrior
  7260 | D:8      | Noticed a green ugly thing
  7278 | D:8      | Found a transporter.
  7314 | D:8      | Noticed a boulder beetle
  7342 | D:8      | Killed an unseen horror
  7368 | D:8      | Killed a boulder beetle
  7652 | D:8      | Identified the +5 dagger "Buyket" {vorpal, rF+}
  8164 | D:9      | Found Qakycla's Jewellery Shop.
  8180 | D:9      | Found a transporter.
  8205 | D:9      | Found a transporter.
  8209 | D:9      | Noticed marklar909's ghost (novice MyFi)
  8410 | D:9      | Noticed a two-headed ogre
  8429 | D:9      | Killed a two-headed ogre
  8430 | D:9      | Reached skill level 16 in Axes
  8430 | D:9      | Reached XP level 11. HP: 42/94 MP: 11/11
  8732 | D:9      | Found a roughly hewn altar of Beogh.
  8871 | D:9      | Noticed a manticore
  8888 | D:9      | Killed a manticore
  9569 | D:10     | Entered Level 10 of the Dungeon
  9681 | D:10     | Gained Bogdan as an ally
  9687 | D:10     | Reached skill level 1 in Stealth
  9792 | D:10     | Found a staircase to the Lair.
 10320 | D:10     | Found a sacrificial altar of Ru.
 10397 | D:11     | Your ally Bogdan died
 10589 | D:11     | Reached skill level 17 in Axes
 10913 | D:11     | Noticed a two-headed ogre
 10926 | D:11     | Killed a two-headed ogre
 11116 | D:11     | Noticed a boulder beetle
 11188 | D:11     | Killed a boulder beetle
 11690 | D:9      | Bought the amulet "Fuyla" {RegenMP rC+ Int+6} for 679 gold
                  | pieces
 11746 | D:12     | Noticed a seven-headed hydra
 11815 | D:12     | Noticed a two-headed ogre
 12163 | Lair:1   | Entered Level 1 of the Lair of Beasts
 12381 | Lair:1   | Reached **** piety under Beogh
 12980 | Lair:1   | Gained Dorog as an ally
 13007 | Lair:1   | Gained Korbok as an ally
 13018 | Lair:1   | Got the Grimoire of Execration
 13315 | Lair:1   | Learned a level 1 spell: Slow
 13318 | Lair:1   | Learned a level 2 spell: Ensorcelled Hibernation
 13472 | Lair:2   | Noticed a catoblepas
 13472 | Lair:2   | Noticed a four-headed hydra
 13474 | Lair:2   | Noticed Erica
 13479 | Lair:2   | Reached XP level 12. HP: 104/104 MP: 12/12
 13485 | Lair:2   | Killed a catoblepas
 13486 | Lair:2   | Reached skill level 18 in Axes
 13486 | Lair:2   | Your ally Korbok died
 13496 | Lair:2   | Killed a four-headed hydra
 13516 | Lair:2   | Killed Erica
 13803 | Lair:2   | Found a hole to the Spider Nest.
 14545 | Lair:3   | Gained mutation: Your spells are a little harder to cast,
                  | but a little more powerful. [potion of mutation]
 14546 | Lair:3   | Lost mutation: Your spells are a little harder to cast, but
                  | a little more powerful. [potion of mutation]
 14546 | Lair:3   | Gained mutation: Your mind is acute. (Int +2) [potion of
                  | mutation]
 14546 | Lair:3   | Gained mutation: You have sharp fingernails. [potion of
                  | mutation]
 14546 | Lair:3   | Gained mutation: Your mind is very acute. (Int +4) [potion
                  | of mutation]
 14546 | Lair:3   | Gained mutation: Your flesh is heat resistant. (rF+)
                  | [potion of mutation]
 14550 | Lair:3   | Learned a level 2 spell: Scorch
 15012 | Lair:3   | Reached skill level 10 in Fighting
 15371 | Lair:3   | Noticed a catoblepas
 15378 | Lair:3   | Killed a catoblepas
 15704 | Lair:4   | Reached skill level 19 in Axes
 15741 | Lair:4   | Reached ***** piety under Beogh
 15899 | Lair:4   | Noticed an anaconda
 15904 | Lair:4   | Killed an anaconda
 15910 | Lair:4   | Reached XP level 13. HP: 99/114 MP: 13/13
 16049 | Lair:4   | Reached skill level 1 in Fire Magic
 16065 | Lair:4   | Found a staircase to the Shoals.
 16339 | Lair:4   | Reached skill level 1 in Spellcasting
 16564 | D:9      | Killed marklar909's ghost
 16746 | D:8      | Killed a rakshasa
 16752 | D:8      | Killed kyalle's ghost
 17351 | D:12     | Reached skill level 20 in Axes
 17379 | D:12     | Found a staircase to the Orcish Mines.
 18150 | Orc:1    | Entered Level 1 of the Orcish Mines
 18155 | Orc:1    | Paralysed by an orc sorcerer for 3 turns
 18168 | Orc:1    | Found a frozen archway.
 18190 | IceCv    | Entered an ice cave
 18211 | IceCv    | Found a transporter.
 18228 | IceCv    | Found a transporter.
 18680 | Orc:1    | Found Hinwas's Magic Scroll Emporium.
 18688 | Orc:1    | Gained Warbeogh as an ally
 18699 | Orc:1    | Bought a scroll of enchant armour for 90 gold pieces
 19277 | Orc:2    | Entered Level 2 of the Orcish Mines
 19283 | Orc:2    | Found a staircase to the Elven Halls.
 19297 | Orc:2    | Reached skill level 1 in Ice Magic
 19476 | Orc:2    | Reached skill level 10 in Armour
 19722 | Orc:2    | Found Ewupt's General Store.
 19722 | Orc:2    | Found Vadghurpho's Armour Emporium.
 19727 | Orc:2    | Found Xotet's Jewellery Emporium.
 19727 | Orc:2    | Found Veigu's Weapon Boutique.
 19737 | Orc:2    | Reached XP level 14. HP: 126/126 MP: 16/16
 19740 | Orc:2    | Reached skill level 1 in Invocations
 19744 | Orc:2    | Reached skill level 21 in Axes
 19747 | Orc:2    | Reached ****** piety under Beogh
 19749 | Orc:2    | Reached skill level 10 in Shields
 19749 | Orc:2    | Gained Ogrik as an ally
 19750 | Orc:2    | Your ally Ogrik died
 19767 | Orc:2    | Gained Alork as an ally
 19803 | Orc:2    | Bought the ring of Wosuent {rF- rCorr Str+8 SInv} for 561
                  | gold pieces
 20483 | Lair:4   | Found a shimmering blue altar of Sif Muna.
 20992 | Lair:5   | Gained Morun as an ally
 21026 | Lair:5   | Reached skill level 5 in Ice Magic
 21672 | Lair:6   | Entered Level 6 of the Lair of Beasts
 21779 | Lair:6   | Found a staircase to the Slime Pits.
 21785 | Lair:6   | Found a viscous altar of Jiyva.
 21816 | Lair:6   | Reached XP level 15. HP: 122/136 MP: 17/17
 21897 | Lair:6   | Reached skill level 5 in Dodging
 22168 | Lair:6   | Reached skill level 22 in Axes
 22201 | Lair:6   | Identified the +7 trident "Mebu Wag" {vorpal, rF+ rN+}
 22346 | Lair:6   | Reached skill level 1 in Polearms
 22950 | Lair:6   | Upgraded the game from 0.29-a0-551-gffc1d7fb78 to
                  | 0.29-a0-553-g81b289dbe5
 22950 | Lair:6   | Quit the game

Illustrated notes

Levels and vault maps discovered:
D:1:      zelgadis_glass_arrival_small, layout_loops_ring, st_stairs_14,
          minmay_close_crescents
D:2:      kb_forest_paths, layout_basic, basic_ecumenical_altar, basic_altar,
          uniq_robin, uniq_terence
D:3:      layout_loops_cross, led_sif_pool, minmay_misc_feat_secret_circle
D:4:      layout_basic, mainiacjoe_overflow_boulevard,
          mainiacjoe_overflow_small_starburst, nicolae_overflow_hidden_temple,
          minmay_temple_entry_wispy, chequers_serial_rivers_micro_a,
          small_statue_intersection
D:5:      nicolae_cairo_tiling_very_big, layout_loops_ring,
          nemelex_diamond_rough_becter, roderic_three_in_a_row,
          hangedman_decor_slide_cut, uniq_blork_the_orc, uniq_pikel
D:6:      layout_basic, grunt_decor_junction, dreamdust_princess_corridor,
          uniq_maggie, uniq_sigmund, uniq_eustachio, uniq_grinder
D:7:      layout_rooms, grunt_temple_overflow_open,
          nicolae_uskayaw_murder_on_the_dancefloor, uniq_joseph
D:8:      minmay_chambers_of_sixes, layout_loops_ring, enter_ossuary_4,
          gammafunk_ghost_abyssal_escape, minivault_27, minivault_12
D:9:      layout_basic, serial_shops, shop, gammafunk_ghost_stat_death,
          david_defended_altar_orc
D:10:     layout_roguey, nicolae_ru_path_of_blood, lair_entry_dummy
D:11:     layout_basic, dreamdust_gnoll_shepherd
D:12:     layout_roguey, david_orc_2, serial_rivers,
          chequers_serial_rivers_marsh, chequers_serial_rivers_small_b,
          chequers_serial_rivers_large_a, chequers_serial_rivers_marsh,
          chequers_serial_rivers_small_a
Temple:   minmay_temple_curvy_loop
Lair:1:   layout_chaotic_city, worms_lemuel
Lair:2:   layout_cave_pods, dummy_spider_entry, nicolae_quartered_pool_super,
          uniq_erica
Lair:3:   minmay_lair_oklob_tunnel, layout_gridlike, infiniplex_staircase_pool,
          lemuel_fruit_tree
Lair:4:   beast_lair_carwin_large_4, layout_hall_layers,
          minmay_shoals_entry_beasts, lemuel_oklob_altar
Lair:5:   layout_roguey, minmay_lair_drake_nest, lemuel_fruit_fields,
          infiniplex_staircase_pool_2, grunt_megastairs_4
Lair:6:   grunt_lair_end_beastmaster, layout_gridlike, slime_altar_1
Orc:1:    layout_caves, serial_shops, shop_statue,
          portal_ice_cave_entry_pillars_1
Orc:2:    st_orc_ogre_mass, layout_caves, nicolae_orc_damp_corner

Skill      XL: |  1  2  3  4  5  6  7  8  9 10 11 12 13 14 15 |
---------------+----------------------------------------------+-----
Axes           | 3 4 6 7 10 11 14 16 17 19 20 21 22 | 22.2
Fighting       | 4 5 6 7 9 10 12 13 | 13.5
Armour         | 4 5 6 7 8 9 10 11 | 11.5
Shields        | 4 5 6 8 9 11 12 | 12.0
Evocations     | 1 2 3 |  3.5
Dodging        | 1 2 3 4 5 |  5.2
Stealth        | 1 3 |  3.2
Fire Magic     | 2 |  2.7
Spellcasting   | 1 |  1.7
Ice Magic      | 2 5 7 |  7.3
Invocations    | 2 |  2.1
Polearms       | 1 |  1.6

Action                   |  1- 3 |  4- 6 |  7- 9 | 10-12 | 13-15 || total
-------------------------+-------+-------+-------+-------+-------++-------
Melee: War axe           |   100 |   127 |   274 |   595 |   491 ||  1587
       Battleaxe         |       |       |       |    54 |       ||    54
       Punch             |       |       |       |     1 |       ||     1
       Trident           |       |       |       |       |    59 ||    59
 Cast: Scorch            |       |       |       |     5 |    11 ||    16
Invok: Convert to Beogh  |       |     1 |       |       |       ||     1
       Recall Orcish Fol |       |       |       |       |    11 ||    11
       Give Item to Name |       |       |       |       |     4 ||     4
       Smiting           |       |       |       |       |     1 ||     1
       Resurrection      |       |       |       |       |     1 ||     1
Evoke: Wand              |       |       |     9 |    22 |    11 ||    42
  Use: Potion            |     1 |       |     1 |     6 |    10 ||    18
       Scroll            |       |    11 |     3 |    20 |     3 ||    37
 Stab: Distracted        |       |       |       |     3 |    12 ||    15
       Confused          |       |       |       |     1 |     1 ||     2
       Sleeping          |       |       |       |     1 |       ||     1
       Invisible         |       |       |       |       |     6 ||     6
       Paralysed         |       |       |       |       |     2 ||     2
       Petrified         |       |       |       |       |     1 ||     1
Armor: Scale mail        |    52 |       |       |     9 |       ||    61
       Plate armour      |    12 |    66 |    76 |    34 |       ||   188
       Chain mail        |       |       |    48 |       |       ||    48
       Swamp dragon scal |       |       |       |   168 |   220 ||   388
Dodge: Dodged            |    54 |    25 |    39 |   187 |   203 ||   508
Block: Buckler           |    33 |    57 |   107 |   205 |   184 ||   586
       Reflection        |     1 |     2 |       |     6 |       ||     9

Table legend: (Time is in decaauts)
 A = Elapsed time spent in this place.
 B = Non-inter-level travel time spent in this place.
 C = Inter-level travel time spent in this place.
 D = Time resting spent in this place.
 E = Time spent auto-exploring this place.
 F = Levels seen in this place.
 G = Mean time per level.
                   A        B        C        D        E       F      G
               +--------+--------+--------+--------+--------+-----+--------+
         Total |  22718 |  19976 |   2742 |   2399 |  13706 |  23 |  987.7 |
       Dungeon |  13396 |  11745 |   1651 |   1412 |   8104 |  12 | 1116.3 |
        Temple |    217 |    194 |     23 |      0 |    189 |   1 |  217.0 |
          Lair |   6735 |   6009 |    726 |    514 |   4448 |   6 | 1122.5 |
  Orcish Mines |   1758 |   1418 |    340 |    196 |    905 |   2 |  879.0 |
       Ossuary |    243 |    243 |      0 |      0 |     60 |   1 |  243.0 |
      Ice Cave |    366 |    366 |      0 |    276 |      0 |   1 |  366.0 |
               +--------+--------+--------+--------+--------+-----+--------+

Top non-repeatable levels by time:
     D:9: 1878 daAuts
    D:11: 1660 daAuts
     D:8: 1534 daAuts
  Lair:6: 1231 daAuts
  Lair:3: 1216 daAuts
  Lair:1: 1203 daAuts
  Lair:2: 1195 daAuts
     D:1: 1095 daAuts
     D:4: 1086 daAuts
   Orc:2: 1016 daAuts
  Lair:4: 1015 daAuts
     D:2: 990 daAuts
     D:5: 983 daAuts
    D:10: 924 daAuts
     D:6: 880 daAuts
